 Dungeon Crawl Stone Soup version 0.22-a0-537-ge9e9f76342 (webtiles) character file.

77 Kaname the Conjurer (level 4, -3/30 HPs)
             Began as a Demonspawn Wizard on June 23, 2018.
             Slain by an ogre
             ... wielding a +0 giant club
              (6 damage)
             ... on level 2 of the Dungeon.
             The game lasted 00:04:32 (1278 turns).

Kaname the Conjurer (Demonspawn Wizard)             Turns: 1278, Time: 00:04:33

Health: -3/30      AC:  3    Str:  7    XL:     4   Next: 13%
Magic:  0/8        EV: 17    Int: 20    God:
Gold:   51         SH:  0    Dex: 17    Spells: 3/9 levels left

rFire    . . .     SeeInvis .   m - +1 dagger (venom)
rCold    . . .     Gourm    .   (no shield)
rNeg     . . .     Faith    .   f - +0 robe {Archmagi}
rPois    .         Spirit   .   c - +0 helmet
rElec    .         Reflect  .   (no cloak)
rCorr    .         Harm     .   (no gloves)
MR       .....                  (no boots)
Stlth    +++.......             (no amulet)
HPRegen  0.10/turn              (no ring)
MPRegen  0.11/turn              (no ring)

@: agile, very slightly contaminated
A: claws 1, powered by death 1, powered by pain 1
a: no special abilities


You were on level 2 of the Dungeon.
You were not hungry.

You visited 1 branch of the dungeon, and saw 2 of its levels.

You collected 51 gold pieces.

Inventory:

Hand Weapons
 m - a +1 dagger of venom (weapon)
Armour
 c - a +0 helmet (worn)
 f - a +0 robe of the Archmagi (worn)
Scrolls
 b - a scroll of teleportation {unknown}
 h - a scroll of remove curse {unknown}
 k - a scroll of amnesia {unknown}
Potions
 a - a potion of curing {unknown}
 g - 3 potions of degeneration {unknown}
 i - a potion of ambrosia {unknown}
 j - 2 potions of lignification {unknown}
Comestibles
 d - 4 rations
 l - 2 chunks of flesh


   Skills:
 - Level 1.7 Dodging
 - Level 1.7 Stealth
 - Level 3.0 Spellcasting
 + Level 4.0 Conjurations
   Level 1.0 Summonings
 - Level 0.8 Translocations


You had 3 spell levels left.
You knew the following spells:

 Your Spells              Type           Power        Failure   Level  Hunger
a - Magic Dart            Conj           ####         2%          1    None
b - Blink                 Tloc           N/A          16%         2    ##.....
c - Mephitic Cloud        Conj/Pois/Air  ##......     24%         3    ###....

Your spell library contained the following spells:

 Spells                   Type           Power        Failure   Level  Hunger
 Conjure Flame            Conj/Fire      ###.....     19%         3    ###....
 Slow                     Hex            #.......     22%         2    ##.....
 Call Imp                 Summ           ##......     14%         2    ##.....


Dungeon Overview and Level Annotations

Branches:
Dungeon (2/15)

Altars:
Wu Jian


Innate Abilities, Weirdness & Mutations

You have sharp fingernails.
You regenerate a little health from kills.
You sometimes gain a little power by taking damage.


Message History

You feel a surge of power!
You blink.
You aren't carrying any items that you can evoke.
Unknown command.
Unknown command.
Found an ornate altar of the Wu Jian Council.
There is an ornate altar of the Wu Jian Council here.
Casting: Blink (safe; 16% risk of failure)
Confirm with . or Enter, or press ? or * to list all spells.
Aiming: Mephitic Cloud (safe; 24% risk of failure)
Press: ? - help, Shift-Dir - straight line, f/p - ogre
Aim: an ogre, wielding a giant club (heavily wounded)
You feel a surge of power!
The ball explodes into a vile cloud!
The stinking cloud engulfs the ogre.
The ogre is heavily wounded.
The ogre is engulfed in noxious fumes.
You hit the ogre but do no damage.
The ogre is poisoned.
The ogre is severely wounded.
The ogre is engulfed in noxious fumes.
The ogre appears confused.
The ogre hits you with a giant club.
You die...

#### #### #..###§§##
#####.##.##O##
#...##.##.##@#
#.##.##.##O###
#.##...#O..#
#.########## ##.#
####..# #........
...†.### #........
...†...#######.........
######......##>........


You could see an ogre (confused).

Vanquished Creatures
  3 gnolls (D:2)
  An adder (D:2)
  An ooze (D:1)
  A worm (D:2)
  A dart slug (D:1)
  2 giant cockroaches
  7 goblins
  8 hobgoblins
  3 jackals (D:2)
  2 kobolds (D:1)
  2 bats (D:2)
  2 frilled lizards (D:1)
  3 rats
36 creatures vanquished.

Notes
Turn   | Place    | Note
-------+----------+-------------------------------------------
     0 | D:1      | Kaname the Demonspawn Wizard began the quest for the Orb.
     0 | D:1      | Reached XP level 1. HP: 13/13 MP: 4/4
   332 | D:1      | Reached skill level 2 in Conjurations
   384 | D:1      | Gained mutation: You regenerate a little health from kills. [demonic ancestry]
   384 | D:1      | Reached XP level 2. HP: 18/19 MP: 3/6
   836 | D:1      | Reached skill level 3 in Conjurations
   842 | D:1      | Gained mutation: You sometimes gain a little power by taking damage. [demonic ancestry]
   842 | D:1      | Reached XP level 3. HP: 23/24 MP: 1/7
  1034 | D:1      | Learned a level 2 spell: Blink
  1038 | D:1      | Learned a level 3 spell: Mephitic Cloud
  1195 | D:2      | Gained mutation: You have sharp fingernails. [demonic ancestry]
  1195 | D:2      | Reached XP level 4. HP: 29/30 MP: 4/8
  1210 | D:2      | Reached skill level 4 in Conjurations
  1261 | D:2      | Noticed an ogre
  1273 | D:2      | Found an ornate altar of the Wu Jian Council.
  1278 | D:2      | Slain by an ogre

Vault maps used:
D:1:      roderic_crossed_star, st_stairs_9
D:2:      marbit_many_paths, first_ration

Skill      XL: |  1  2  3  4 |
---------------+-------------+-----
Conjurations   | 2 3 4 |  4.0
Dodging        | |  1.7
Stealth        | |  1.7
Spellcasting   | |  3.0
Summonings     | |  1.0
Translocations | |  0.8

Action                   |  1- 3 |  4- 6 || total
-------------------------+-------+-------++-------
Melee: Unarmed           |     5 |       ||     5
       Mace              |    34 |       ||    34
       Dagger            |       |    18 ||    18
 Cast: Magic Dart        |    59 |     5 ||    64
       Mephitic Cloud    |     1 |     1 ||     2
       Blink             |       |     1 ||     1
 Stab: Sleeping          |       |     1 ||     1
  Eat: Chunk             |     1 |       ||     1
Armor: Robe              |    10 |     7 ||    17
Dodge: Dodged            |    38 |    17 ||    55

Table legend:
 A = Spawn XP
 B = Non-spawn XP
 C = Spawn XP percentage of total XP
 D = Spawn monster count
 E = Non-spawn monster count
 F = Spawn count percentage of total count
 G = Total turns spent on level
                    A         B        C        D         E        F      G
               +---------+---------+-------+---------+---------+-------+---------
         Total |       0 |     110 |   0.0 |       0 |      36 |   0.0 |  1278
               +---------+---------+-------+---------+---------+-------+---------
           D:1 |       0 |      41 |   0.0 |       0 |      20 |   0.0 |  1037
           D:2 |       0 |      69 |   0.0 |       0 |      16 |   0.0 |   241
               +---------+---------+-------+---------+---------+-------+---------
